 Dungeon Crawl Stone Soup version 0.28.0-55-gcd9437bce4 (webtiles) character file.

Game seed: 7210480865391405401

9324 tkbsonic5 the Thaumaturge (level 11, -20/54 HPs)
             Began as a Deep Elf Air Elementalist on Nov 29, 2022.
             Was a Follower of Hepliaklqana.
             Demolished by a catoblepas (26 damage)
             ... on level 9 of the Dungeon on Dec 13, 2022.
             The game lasted 01:10:27 (12032 turns).

tkbsonic5 the Thaumaturge (DEAE)                   Turns: 12032, Time: 01:10:28

Health: -20/54     AC:  6    Str:  5    XL:     11   Next: 21%
Magic:  3/35       EV: 13    Int: 31    God:    Hepliaklqana [*.....]
Gold:   469        SH:  0    Dex: 15    Spells: 8/28 levels left

rFire   + . .      SeeInvis .   e - +1 hunting sling (venom)
rCold   x . .      Faith    .   (no shield)
rNeg    + + .      Spirit   .   H - +3 leather armour {rF+}
rPois   .          Reflect  .   (no helmet)
rElec   .          Harm     .   (no cloak)
rCorr   .          Rampage  .   (no gloves)
Will    +....                   (no boots)
Stlth   +++.......              (no amulet)
HPRegen 0.18/turn               q - +6 ring of intelligence
MPRegen 0.24/turn               A - ring "Qiaxi" {Fly rC- rN++ MP+9}

@: swift, flying, quick
A: reduced essence
a: Renounce Religion, Recall Ancestor, Ancestor Identity


You were on level 9 of the Dungeon.
You worshipped Hepliaklqana.
Hepliaklqana was aware of your devotion.
You visited 2 branches of the dungeon, and saw 10 of its levels.

You collected 544 gold pieces.
You spent 75 gold pieces at shops.

Inventory:

Hand Weapons
 d - a +0 shortbow
 e - a +1 hunting sling of venom (weapon)
 g - a +0 whip of freezing
 h - a +0 quarterstaff of chaos
 l - a +1 spear of freezing
 u - a +0 whip of electrocution
 B - a +0 dagger of electrocution
 D - a +2 mace of holy wrath
 I - a +5 flail of protection
Missiles
 f - 45 sling bullets (quivered ammo)
 i - 182 arrows
 n - 12 boomerangs
 p - a curare-tipped dart
 s - 31 poisoned darts
 x - 4 javelins
 E - 4 silver javelins
Armour
 a - a +0 robe
 b - +0 steam dragon scales
 r - the +0 ring mail "Gawno" {rCorr SInv}
   (You found it on level 4 of the Dungeon)

   SInv:      It lets you see invisible.
   rCorr:     It protects you from acid and corrosion.
 H - a +3 leather armour of fire resistance (worn)
 L - a +0 troll leather armour
Jewellery
 k - the ring of Duyn Xiabio {Will+ Str+6 Dex+3}
   (You acquired it on level 8 of the Dungeon)

   [ring of strength]

   Str:       It affects your strength (+6).
   Dex:       It affects your dexterity (+3).
   Will:      It increases your willpower.
 q - a +6 ring of intelligence (left hand)
 A - the ring "Qiaxi" (right hand) {Fly rC- rN++ MP+9}
   (You acquired it on level 8 of the Dungeon)

   [ring of magical power]

   rC:        It makes you vulnerable to cold.
   rN:        It greatly protects you from negative energy.
   MP:        It affects your magic capacity (+9).
   Fly:       It grants you flight.
Wands
 w - a wand of acid (2)
 z - a wand of iceblast (4)
 G - a wand of polymorph (3)
Scrolls
 y - a scroll of amnesia
 C - 3 scrolls of identify
Potions
 c - 2 potions of curing
 j - a potion of flight
 m - 2 potions of mutation
 o - a potion of heal wounds
 t - a potion of berserk rage
 v - a potion of lignification
 F - a potion of invisibility
 J - a potion of resistance
 K - a potion of attraction {unknown}


   Skills:
 + Level 3.6 Fighting
 - Level 2.8 Slings
 * Level 4.2 Bows
 + Level 5.4 Dodging
 + Level 6.5 Stealth
 * Level 9.1 Spellcasting
 * Level 7.2 Conjurations
 + Level 5.8 Hexes
 * Level 6.0 Necromancy
 * Level 4.7 Translocations
 + Level 3.4 Ice Magic
 * Level 7.3 Air Magic
 + Level 3.8 Evocations


You had 8 spell levels left.
You knew the following spells:

 Your Spells              Type           Power      Damage    Failure   Level
a - Shock                 Conj/Air       100%       1d9       1%          1
b - Static Discharge      Conj/Air       56%        N/A       1%          2
c - Swiftness             Air            56%        N/A       1%          3
d - Slow                  Hex            100%       N/A       1%          1
e - Vampiric Draining     Necr           51%        2d9       1%          3
f - Confusing Touch       Hex            50%        N/A       1%          3
g - Airstrike             Air            28%        N/A       3%          4
h - Freeze                Ice            100%       1d11      1%          1
i - Blink                 Tloc           86%        N/A       1%          2

Your spell library contained the following spells:

 Spells                   Type           Power      Damage    Failure   Level
 Lesser Beckoning         Tloc           43%        N/A       2%          3
 Frozen Ramparts          Ice            70%        1d9       4%          3
 Hailstorm                Conj/Ice       47%        3d11      7%          4
 Manifold Assault         Tloc           43%        N/A       24%         5


Dungeon Overview and Level Annotations

Branches:
Dungeon (9/15)             Temple (1/1) D:6            Lair (0/6) D:9
    Orc: D:9-12

Altars:
Ashenzari
Cheibriados
Dithmenos
Elyvilon
Fedhas
Gozag
Hepliaklqana
Kikubaaqudgha
Makhleb
Nemelex Xobeh
Okawaru
Qazlal
Sif Muna
Trog
Uskayaw
Vehumet
Wu Jian
Xom
Yredelemnul
The Shining One

Shops:
D:3 *

Annotations:
D:3 1 runed translucent door, RobertJustice1's ghost, amateur MiBe
D:6 1 runed translucent door, Crazy Yiuf


Message History

Elice hits the catoblepas.
The air twists around and strikes the catoblepas!
The catoblepas is severely wounded.
The catoblepas gores Elice!!
Elice hits the catoblepas but does no damage.
The air twists around and strikes the catoblepas.
The catoblepas is severely wounded.
The catoblepas breathes a plume of calcifying dust at you.
The blast of calcifying dust hits Elice.
The blast of calcifying dust hits you.
The air twists around and strikes the yak!
The yak is heavily wounded.
You are engulfed in calcifying dust.
You are slowing down.
Elice barely misses the yak.
Your limbs are stiffening.
The air twists around and strikes the yak!
The yak is heavily wounded.
The yak is engulfed in calcifying dust.
The yak is moving more slowly.
The yak gores Elice but does no damage.
Elice hits the yak but does no damage.
Elice barely misses the catoblepas.
You have turned to stone.
Elice hits the catoblepas but does no damage.
The catoblepas gores Elice!
Elice is destroyed!
The catoblepas breathes a plume of calcifying dust at you.
The blast of calcifying dust hits you.
You are engulfed in calcifying dust. x2
The yak stops moving altogether!
The catoblepas gores you!
You are engulfed in calcifying dust.
The catoblepas gores you!!
You are engulfed in calcifying dust.
The catoblepas gores you but does no damage.
The catoblepas gores you!! The catoblepas gores you!
* * * LOW HITPOINT WARNING * * *
You turn to flesh and can move again.
Casting: Airstrike (dangerous; 3% risk of failure)
Confirm with . or Enter, or press ? or * to list all spells.
You feel quick. The catoblepas gores you!
* * * LOW HITPOINT WARNING * * *
The catoblepas gores you!!
You die...

..#..# #...#......###...
..#..# ##...#.....##.....
..#..###...##.....#.....
..#..#.....#.....##...#
..#..)....##.....#..)#
.)#.....###......#..#####
..#).####......)##.Y....#
..####.').......#Y.)....#
.......#........@.####..#
......##.......####
####..#......###
##...#.....##
##...##.....#
.)...#.....##
....##.....# ..###......#
###.......##


You could see a catoblepas and a yak (petrified).

Vanquished Creatures
  4 two-headed ogres (D:9)
  A tengu warrior (D:9)
  A deep elf pyromancer (D:9)
  A kobold demonologist (D:9)
  2 hornets (D:9)
  Grinder (D:5)
  A troll (D:9)
  A meliai zombie (D:8)
  A yak (D:9)
  3 wyverns
  A vampire mosquito (D:9)
  2 steam dragons
  Menkaure (D:6)
  A water moccasin (D:6)
  2 orc warriors (D:9)
  2 black bears
  2 ogres
  3 sky beasts
  2 necrophages
  A wolf (D:8)
  5 centaurs
  3 kobold brigands
  2 bullfrogs
  Blork the orc (D:6)
  3 scorpions (D:4)
  A wight (D:9)
  2 howler monkeys
  4 jellies
  4 centaur zombies
  A gnoll shaman (D:8)
  A hound (D:4)
  A centaur skeleton (D:6)
  An orc priest (D:8)
  2 iguanas
  7 orc wizards
  A killer bee zombie (D:6)
  2 hound skeletons
  2 howler monkey zombies (D:9)
  10 gnolls
  3 adders
  A shadow imp (D:8)
  3 ufetubi (D:6)
  5 dart slugs
  15 orcs
  3 ball pythons
  5 endoplasms
  3 giant cockroaches
  8 goblins
  4 hobgoblins
  7 jackals
  8 quokkas
  7 bats
  5 frilled lizards
  15 kobolds
  5 rats
  A spectral hobgoblin (D:1)
184 creatures vanquished.

Vanquished Creatures (collateral kills)
  A deep elf pyromancer (D:9)
  A yak (D:9)
  A howler monkey zombie (D:9)
  2 orcs (D:9)
5 creatures vanquished.

Vanquished Creatures (others)
  7 ancestors (D:9)
  75 plants
82 creatures vanquished.

Grand Total: 271 creatures vanquished

Notes
Turn   | Place    | Note
-------+----------+-------------------------------------------
     0 | D:1      | tkbsonic5 the Deep Elf Air Elementalist began the quest for
                  | the Orb.
     0 | D:1      | Reached XP level 1. HP: 10/10 MP: 6/6
   430 | D:1      | Reached XP level 2. HP: 15/15 MP: 4/8
   433 | D:1      | Learned a level 2 spell: Static Discharge
  1001 | D:1      | Found a faded altar of an unknown god.
  1112 | D:1      | Reached XP level 3. HP: 20/20 MP: 7/10
  1116 | D:1      | Learned a level 3 spell: Swiftness
  1695 | D:2      | Reached XP level 4. HP: 21/24 MP: 1/11
  1696 | D:2      | Reached skill level 1 in Fighting
  2005 | D:3      | Upgraded the game from 0.28.0-53-g5a82cb258f to
                  | 0.28.0-55-gcd9437bce4
  2480 | D:3      | Found a runed translucent door.
  2480 | D:3      | Noticed RobertJustice1's ghost (amateur MiBe)
  2516 | D:3      | Noticed an ogre
  2535 | D:3      | Killed an ogre
  2536 | D:3      | Reached skill level 4 in Spellcasting
  2536 | D:3      | Reached XP level 5. HP: 29/29 MP: 9/13
  2772 | D:3      | Found Esoenwy's General Store.
  2792 | D:3      | Bought a scroll of fear for 35 gold pieces
  2792 | D:3      | Bought a scroll of identify for 20 gold pieces
  2792 | D:3      | Bought a scroll of identify for 20 gold pieces
  2977 | D:4      | Learned a level 1 spell: Slow
  3031 | D:4      | Reached skill level 1 in Slings
  3293 | D:4      | Identified the +0 ring mail "Gawno" {rCorr SInv}
  3321 | D:4      | Noticed a necrophage
  3331 | D:4      | Reached XP level 6. HP: 14/35 MP: 8/15
  3396 | D:4      | Reached skill level 5 in Spellcasting
  3816 | D:4      | Noticed a sky beast
  3827 | D:4      | Killed a sky beast
  3828 | D:4      | Reached skill level 1 in Hexes
  3828 | D:4      | Reached XP level 7. HP: 22/40 MP: 13/16
  3857 | D:4      | Learned a level 3 spell: Vampiric Draining
  3861 | D:4      | Learned a level 3 spell: Confusing Touch
  4226 | D:4      | Found an ancient bone altar of Kikubaaqudgha.
  4226 | D:4      | Found a broken altar of Ashenzari.
  4226 | D:4      | Found a shimmering altar of Xom.
  4557 | D:5      | Entered Level 5 of the Dungeon
  4764 | D:5      | Noticed Grinder
  4779 | D:5      | Killed Grinder
  5074 | D:5      | Found a basalt altar of Yredelemnul.
  5257 | D:6      | Noticed Menkaure
  5259 | D:6      | Found a bloodstained altar of Trog.
  5285 | D:5      | Reached XP level 8. HP: 39/45 MP: 10/18
  5722 | D:5      | Reached skill level 6 in Spellcasting
  5722 | D:5      | Reached skill level 5 in Air Magic
  5891 | D:6      | Noticed Blork the orc
  5963 | D:5      | Learned a level 4 spell: Airstrike
  5969 | D:6      | Killed Blork the orc
  6344 | D:6      | Learned a level 1 spell: Freeze
  6353 | D:6      | Reached skill level 1 in Necromancy
  6484 | D:6      | Killed Menkaure
  6485 | D:6      | Reached skill level 1 in Evocations
  6613 | D:6      | Reached skill level 1 in Ice Magic
  6810 | D:6      | Reached skill level 5 in Conjurations
  7105 | D:6      | Reached skill level 5 in Stealth
  7106 | D:6      | Reached XP level 9. HP: 15/49 MP: 1/21
  7319 | D:6      | Learned a level 2 spell: Blink
  7376 | D:6      | Found a runed translucent door.
  7377 | D:6      | Noticed Crazy Yiuf
  7423 | D:6      | Found a staircase to the Ecumenical Temple.
  7429 | Temple   | Entered the Ecumenical Temple
  7437 | Temple   | Became a worshipper of Hepliaklqana the Forgotten
  7585 | D:7      | Reached skill level 7 in Spellcasting
  7833 | D:7      | You fall into a shaft and drop 1 floor!
  7845 | D:8      | Identified a scroll of acquirement
  7848 | D:8      | Acquired the ring of Duyn Xiabio {Will+ Str+6 Dex+3}
  7951 | D:8      | Acquired the ring "Qiaxi" {Fly rC- rN++ MP+9}
  8131 | D:8      | Found a stormy altar of Qazlal.
  8168 | D:8      | Found a white marble altar of Elyvilon.
  8179 | D:8      | Reached skill level 1 in Translocations
  9235 | D:8      | Found a snail-covered altar of Cheibriados.
  9269 | D:8      | Reached * piety under Hepliaklqana
  9987 | D:9      | Found a staircase to the Lair.
 10191 | D:9      | Noticed a two-headed ogre
 10197 | D:9      | Killed a two-headed ogre
 10198 | D:9      | Reached skill level 8 in Spellcasting
 10198 | D:9      | Reached XP level 10. HP: 50/50 MP: 13/24
 10384 | D:9      | Noticed a sun demon
 10386 | D:9      | Reached skill level 5 in Hexes
 10570 | D:9      | Reached skill level 1 in Bows
 10735 | D:9      | Noticed a deep elf pyromancer
 10738 | D:9      | Killed a deep elf pyromancer
 10739 | D:9      | Reached skill level 5 in Necromancy
 11054 | D:9      | Noticed a deep elf pyromancer
 11060 | D:9      | Killed a deep elf pyromancer
 11061 | D:9      | Reached skill level 5 in Dodging
 11349 | D:9      | Noticed a two-headed ogre
 11356 | D:9      | Noticed a tengu warrior
 11373 | D:9      | Killed a two-headed ogre
 11525 | D:9      | Noticed a two-headed ogre
 11530 | D:9      | Killed a two-headed ogre
 11531 | D:9      | Reached XP level 11. HP: 54/54 MP: 17/25
 11578 | D:9      | Killed a tengu warrior
 11579 | D:9      | Reached skill level 9 in Spellcasting
 11636 | D:9      | Noticed a two-headed ogre
 11676 | D:9      | Killed a two-headed ogre
 12011 | D:9      | Noticed a catoblepas
 12032 | D:9      | Demolished by a catoblepas

Illustrated notes

Levels and vault maps discovered:
D:1:      onia_arrival_mini_maze_b, layout_basic,
          dreamdust_ecumenical_altar_drowned_temple
D:2:      layout_basic
D:3:      layout_basic, serial_shops, nicolae_shop_crystal,
          hellmonk_ghost_happy_afterlife, kennysheep_boxes
D:4:      layout_gridville, gammafunk_temple_overflow_forgotten
D:5:      layout_basic, lemuel_round_altar, nicolae_sextant, uniq_grinder
D:6:      layout_rooms, mainiacjoe_overflow_catwalk,
          minmay_temple_entry_enclosed_plants, bh_walls_and_bars, uniq_menkaure,
          uniq_crazy_yiuf_cottage, uniq_blork_the_orc
D:7:      layout_loops_ring, mainiacjoe_overflow_small_starburst, zin_angel,
          kennysheep_opposing_triangles
D:8:      layout_basic, elyvilon_altar_1, amcnicky_altar_gilded,
          old_standard_altar
D:9:      minmay_quarter_circles, layout_irregular_city, erik_orc_1,
          ebering_dispersal_statue_hall
Temple:   pdpol_scorched_temple

Skill      XL: |  1  2  3  4  5  6  7  8  9 10 11 |
---------------+----------------------------------+-----
Conjurations   | 2 3 4 5 6 7 |  7.2
Stealth        | 3 4 5 6 |  6.5
Fighting       | 1 2 3 |  3.6
Dodging        | 3 4 5 |  5.4
Spellcasting   | 4 5 6 8 9 |  9.1
Slings         | 1 2 |  2.8
Air Magic      | 4 5 6 7 |  7.3
Hexes          | 1 2 4 5 |  5.8
Necromancy     | 2 4 5 6 |  6.0
Evocations     | 1 2 3 |  3.8
Ice Magic      | 1 2 3 |  3.4
Translocations | 2 4 |  4.7
Bows           | 3 4 |  4.2

Action                   |  1- 3 |  4- 6 |  7- 9 | 10-12 || total
-------------------------+-------+-------+-------+-------++-------
Melee: Dagger            |     1 |       |    22 |       ||    23
       Quarterstaff      |       |     7 |       |       ||     7
       Hunting sling     |       |       |     5 |       ||     5
       Mace              |       |       |     2 |       ||     2
       Punch             |       |       |     1 |       ||     1
       Flail             |       |       |       |     2 ||     2
 Fire: Hunting sling     |    29 |    58 |    70 |    12 ||   169
 Cast: Shock             |    56 |    18 |    56 |     1 ||   131
       Static Discharge  |     4 |    11 |    15 |       ||    30
       Swiftness         |       |     4 |     9 |     3 ||    16
       Slow              |       |     2 |    13 |     2 ||    17
       Confusing Touch   |       |       |     6 |       ||     6
       Airstrike         |       |       |    57 |    85 ||   142
       Vampiric Draining |       |       |     3 |       ||     3
       Freeze            |       |       |     3 |       ||     3
       Blink             |       |       |     1 |       ||     1
Invok: Ancestor Identity |       |       |     1 |       ||     1
Evoke: Wand              |       |       |    10 |     6 ||    16
  Use: Potion            |     1 |     6 |     4 |     1 ||    12
       Scroll            |       |    10 |    10 |     1 ||    21
 Stab: Confused          |       |       |     2 |       ||     2
       Sleeping          |       |       |     1 |       ||     1
Armor: Robe              |     1 |     4 |    11 |       ||    16
       Leather armour    |       |       |       |     4 ||     4
Dodge: Dodged            |     4 |    16 |    76 |     2 ||    98
